 Dungeon Crawl Stone Soup version 0.25-a0-474-ga8a2ee3166 (webtiles) character file.

Game seed: 5124172108013145891, levelgen mode: deterministic

900 Esekla the Thaumaturge (level 7, -6/32 HPs)
             Began as a Deep Elf Wizard on Feb 7, 2020.
             Was a Plaything of Xom.
             Mangled by a wight
             ... wielding a +0 halberd
              (10 damage)
             ... on level 9 of the Dungeon.
             The game lasted 00:54:54 (5449 turns).

Esekla the Thaumaturge (Deep Elf Wizard)            Turns: 5449, Time: 00:54:56

Health: -6/32      AC:  2    Str:  5 (6)  XL:     7   Next: 79%
Magic:  13/20      EV: 18    Int: 28      God:    Xom [*.....]
Gold:   308        SH:  0    Dex: 12 (13) Spells: 13/22 levels left

rFire    . . .     SeeInvis .   u - +1 dagger (venom)
rCold    . . .     Gourm    .   (no shield)
rNeg     . . .     Faith    .   a - +0 robe
rPois    .         Spirit   .   A - +0 helmet
rElec    .         Reflect  .   (no cloak)
rCorr    .         Harm     .   (no gloves)
MR       .....                  (no boots)
Stlth    +++.......             (no amulet)
HPRegen  0.10/turn              h - +3 ring of evasion
MPRegen  0.17/turn              l - +2 ring of evasion

@: brilliant, lethally poisoned (-6 -> -26)
A: blurry vision 1, deformed body, deterioration 1, frail 1, sense surroundings
1, screaming 1
a: Renounce Religion


You were on level 9 of the Dungeon.
You worshipped Xom.
You were a special plaything of Xom.
You were not hungry.

You visited 1 branch of the dungeon, and saw 7 of its levels.

You collected 308 gold pieces.

Inventory:

Hand Weapons
 r - a +0 trident
 u - a +1 dagger of venom (weapon)
 G - a +4 antimagic short sword
Missiles
 i - 8 boomerangs (quivered)
 s - 6 atropa-tipped darts
 B - 9 poisoned darts
 C - 3 javelins
Armour
 a - a +0 robe (worn)
 b - a +0 hat
 A - a +0 helmet (worn)
Jewellery
 h - a +3 ring of evasion (left hand)
 l - a +2 ring of evasion (right hand)
 o - an uncursed ring of resist corrosion
 D - an uncursed ring of flight
Scrolls
 c - 2 scrolls of enchant weapon
 e - 2 scrolls of noise {unknown}
 j - a scroll of fog {unknown}
 m - 2 scrolls of remove curse
 n - a scroll of random uselessness {unknown}
 p - 2 scrolls of teleportation {unknown}
 q - 2 scrolls of magic mapping
 t - 2 scrolls of immolation {unknown}
 y - 2 scrolls of amnesia {unknown}
 z - 3 scrolls of identify
Potions
 f - 2 potions of brilliance
 g - 2 potions of flight {unknown}
 k - a potion of degeneration {unknown}
 v - 2 potions of resistance {unknown}
 w - 2 potions of heal wounds
 x - 3 potions of curing {unknown}
 E - a potion of mutation {unknown}
 F - a potion of haste
Comestibles
 d - 14 rations


   Skills:
 + Level 1.7 Short Blades
 + Level 0.5 Throwing
 + Level 3.2 Dodging
 + Level 4.8 Stealth
 * Level 8.0 Spellcasting
 + Level 3.7 Conjurations
   Level 1.1 Summonings
 + Level 2.7 Translocations
 * Level 2.7 Air Magic
 * Level 2.4 Poison Magic


You had 13 spell levels left.
You knew the following spells:

 Your Spells              Type           Power        Failure   Level  Hunger
a - Magic Dart            Conj           ####         1%          1    None
b - Blink                 Tloc           N/A          1%          2    None
c - Mephitic Cloud        Conj/Pois/Air  #####...     1%          3    None
f - Conjure Flame         Conj/Fire      #####...     1%          3    None

Your spell library contained the following spells:

 Spells                   Type           Power        Failure   Level  Hunger
 Call Imp                 Summ           ####....     1%          2    None
 Slow                     Hex            ####....     1%          2    None


Dungeon Overview and Level Annotations

Branches:
Dungeon (6/15)               Lair (0/6) D:9
 Temple: D:4-7

Altars:
Dithmenos
Xom

Annotations:
D:9 Grum


Innate Abilities, Weirdness & Mutations

Scrolls take you a little longer to read.
Armour fits poorly on your strangely shaped body.
Your body sometimes deteriorates upon taking damage.
You are frail. (-10% HP)
You passively map a small area around you.
You occasionally shout uncontrollably at your foes.


Message History

A two-headed ogre comes into view.
It is wielding a +0 giant club and a +0 giant spiked club.
It was a potion of brilliance.
You feel clever all of a sudden.
You feel sick. The wolf closely misses you. The chaos spawn barely misses you.
The wight completely misses you. The white imp misses you.
Grum barely misses you.
Really read with blurry vision while enemies are nearby?
The wolf closely misses you. The white imp gestures at you.
The puff of frost misses you.
The puff of frost hits the wight.
The wight resists.
The chaos spawn closely misses you.
You begin reading the scroll.
You continue reading the scroll.
You feel sick.
The two-headed ogre shouts in stereo!
Grum hits you from afar with a -2 halberd of venom.
* * * LOW HITPOINT WARNING * * *
The wolf misses you.
The wight hits you from afar with a +0 halberd!
You die...
Xom titters!

*,,,, *,,,, ******* *,,,,
******** ###### *,,,, *#....,*
#....# *,,,, *#.._.,** #h##g#
**,,* ##.._S>**
######g##h######****,,* ##.___,**
#...zh545hOh.....,,,,,* *#..h_,**
#.####@#####.####***,**
**#########.# #.# *,# *,*
*,*#..h.h.h.# #z# *,* *,**
,**###.####### #.# *,* *,,, **
##.h.z..###.# ***,********** ,**
##..g....z...# *,,,,,,,,,,,,,
*,**#............#**,,,,,********
**,#....####.##...>....,,,*******
**#.##.## *.#######...,,,,,,,,,,


You could see a two-headed ogre, Grum, a chaos spawn, 3 wolves, 2 howler
monkeys, 2 wights, a white imp and a shadow imp.

Vanquished Creatures
  3 ogres
  A phantom (D:5)
  A hound (D:5)
  2 bullfrog skeletons (D:4)
  An orc priest (D:3)
  Terence (D:2)
  Jessica (D:2)
  3 orc wizards
  A worker ant (D:4)
  2 gnolls (D:5)
  A howler monkey skeleton (D:4)
  12 adders
  3 adder skeletons
  5 worms
  A leopard gecko (D:2)
  23 orcs
  4 giant cockroaches
  14 goblins
  12 hobgoblins
  4 jackals
  5 quokkas
  A ball python (D:3)
  3 bats
  3 frilled lizards
  15 kobolds
  8 rats
130 creatures vanquished.

Notes
Turn   | Place    | Note
-------+----------+-------------------------------------------
     0 | D:1      | Esekla the Deep Elf Wizard began the quest for the Orb.
     0 | D:1      | Reached XP level 1. HP: 10/10 MP: 7/7
   531 | D:2      | Noticed Terence
   562 | D:3      | Reached skill level 5 in Spellcasting
   562 | D:3      | Reached XP level 2. HP: 15/15 MP: 3/10
   757 | D:3      | Found a shadowy altar of Dithmenos.
   879 | D:3      | Reached XP level 3. HP: 3/19 MP: 3/11
  1456 | D:3      | Learned a level 3 spell: Mephitic Cloud
  1459 | D:3      | Learned a level 2 spell: Blink
  1467 | D:3      | Learned a level 3 spell: Conjure Flame
  1517 | D:2      | Reached XP level 4. HP: 24/24 MP: 8/13
  1933 | D:2      | Noticed Jessica
  1940 | D:2      | Killed Jessica
  2051 | D:2      | Reached XP level 5. HP: 25/28 MP: 13/15
  2073 | D:2      | Noticed an ogre
  2093 | D:2      | Killed an ogre
  2093 | D:2      | Reached skill level 6 in Spellcasting
  2093 | D:2      | Reached skill level 1 in Poison Magic
  2252 | D:2      | Killed Terence
  2252 | D:2      | Reached skill level 1 in Air Magic
  2268 | D:2      | Found a faded altar of an unknown god.
  2278 | D:2      | Became a worshipper of Xom of Chaos
  2709 | D:3      | Reached XP level 6. HP: 32/32 MP: 13/17
  2854 | D:3      | XOM: confuse monster(s)
  2992 | D:4      | XOM: potion effect (curing)
  2999 | D:4      | Reached skill level 1 in Short Blades
  3695 | D:4      | XOM: god gift: dark potion {god gift}
  3723 | D:4      | Reached XP level 7. HP: 36/36 MP: 15/19
  3754 | D:4      | XOM: god gift: 39 gold pieces
  3851 | D:4      | Reached skill level 7 in Spellcasting
  4150 | D:5      | Entered Level 5 of the Dungeon
  4334 | D:5      | Found Cekieg's Food Boutique.
  4432 | D:5      | XOM: silly message
  5270 | D:5      | XOM: give mutations
  5270 | D:5      | Gained mutation: Your body sometimes deteriorates upon
                  | taking damage. [Xom's mischief]
  5270 | D:5      | Gained mutation: You passively map a small area around you.
                  | [Xom's mischief]
  5302 | D:5      | Reached skill level 8 in Spellcasting
  5413 | D:6      | You fall into a shaft and drop 3 floors!
  5413 | D:9      | Found a shimmering altar of Xom.
  5413 | D:9      | Found a shimmering altar of Xom.
  5414 | D:9      | Noticed Grum
  5418 | D:9      | Found a shimmering altar of Xom.
  5418 | D:9      | Found a shimmering altar of Xom.
  5418 | D:9      | Found a shimmering altar of Xom.
  5418 | D:9      | Found a shimmering altar of Xom.
  5422 | D:9      | XOM: give mutations
  5422 | D:9      | Gained mutation: You are frail. (-10% HP) [Xom's mischief]
  5422 | D:9      | Gained mutation: Scrolls take you a little longer to read.
                  | [Xom's mischief]
  5422 | D:9      | Gained mutation: Armour fits poorly on your strangely
                  | shaped body. [Xom's mischief]
  5422 | D:9      | Gained mutation: You occasionally shout uncontrollably at
                  | your foes. [Xom's mischief]
  5432 | D:9      | XOM: summons 3 hostile demons
  5433 | D:9      | Noticed a chaos spawn
  5442 | D:9      | XOM: medium Pois miscast
  5447 | D:9      | Noticed a two-headed ogre
  5449 | D:9      | Mangled by a wight

Levels and vault maps discovered:
D:1:      eino_arrival_water_star, layout_rooms
D:2:      minmay_inner_zag, layout_basic, chequers_ecumenical_altar_twisty,
          kennysheep_jessica_study, uniq_terence
D:3:      layout_loops_ring, nicolae_dithmenos_through_a_glass_darkly,
          minmay_misc_feat_pillars
D:4:      layout_loops_corners, first_ration, chequers_serial_rivers_micro_a,
          minmay_cut_off
D:5:      corexii_shantytown, layout_basic, serial_shops, nicolae_shop_trees
D:6:      layout_loops_ring, gammafunk_ghost_grave, serial_shops, shop,
          shop_statue, nicolae_shop_trees
D:9:      layout_loops_ring, kennysheep_little_box,
          nicolae_gozag_cash_rules_everything_around_me, lightli_temple_of_fire,
          lair_entry_dummy, enter_bailey_6, xom_shifter_show, uniq_grum

Skill      XL: |  1  2  3  4  5  6  7 |
---------------+----------------------+-----
Spellcasting   | 5 6 8 |  8.0
Conjurations   | 2 3 |  3.7
Stealth        | 3 4 |  4.8
Poison Magic   | 1 2 |  2.4
Translocations | 2 |  2.7
Air Magic      | 1 2 |  2.7
Short Blades   | 1 |  1.7
Dodging        | 3 |  3.2
Throwing       | |  0.5
Summonings     | |  1.1

Action                   |  1- 3 |  4- 6 |  7- 9 || total
-------------------------+-------+-------+-------++-------
Melee: Dagger            |    25 |    83 |    87 ||   195
Throw: Boomerang         |       |     9 |       ||     9
 Cast: Magic Dart        |    79 |    86 |    58 ||   223
       Mephitic Cloud    |       |    14 |     7 ||    21
       Conjure Flame     |       |     2 |       ||     2
       Blink             |       |       |     4 ||     4
  Use: Scroll            |       |       |     4 ||     4
       Potion            |       |       |     3 ||     3
 Stab: Sleeping          |     4 |     8 |    13 ||    25
       Confused          |       |     5 |     2 ||     7
  Eat: Chunk             |     1 |     6 |     7 ||    14
Armor: Robe              |     3 |     5 |    10 ||    18
Dodge: Dodged            |    51 |    64 |   104 ||   219

Table legend:
 A = Non-vault XP
 B = Vault XP
 C = Vault XP percentage of total XP
 D = Non-vault monster count
 E = Vault monster count
 F = Vault count percentage of total count
                 A         B        C        D         E       F
            +---------+---------+-------+---------+---------+-------
      Total |    1064 |     223 |  17.3 |      91 |      39 |  30.0
            +---------+---------+-------+---------+---------+-------
        D:1 |       8 |       0 |   0.0 |       5 |       0 |   0.0
        D:2 |     199 |      92 |  31.6 |      25 |      10 |  28.6
        D:3 |     159 |       0 |   0.0 |      29 |       0 |   0.0
        D:4 |     365 |      54 |  12.9 |      20 |       3 |  13.0
        D:5 |     333 |      77 |  18.8 |      12 |      26 |  68.4
            +---------+---------+-------+---------+---------+-------
